 Dungeon Crawl Stone Soup version 0.17-a0-1850-g688e747 (webtiles) character file.

98581 Ajdolov the Black Belt (level 15, 0/149 HPs)
             Began as a Troll Monk on Sept 19, 2015.
             Was the Champion of Jiyva.
             Slain by a two-headed ogre
             ... wielding a +0 giant club
             ... led by an ogre mage
              (9 damage)
             ... on level 15 of the Dungeon.
             The game lasted 01:37:27 (25582 turns).

Ajdolov the Black Belt (Troll Monk)                Turns: 25582, Time: 01:37:28

Health: 0/149      AC:  9    Str: 21    XL:     15   Next: 38%
Magic:  14/14      EV: 19    Int: 13    God:    Jiyva [******]
Gold:   2539       SH:  0    Dex: 26    Spells: 0 memorised, 14 levels left

rFire  . . .     SeeInvis +       - Unarmed
rCold  + . .     Clarity  .     J - +2 robe {MR+}
rNeg   + . .     SustAt   .     (no shield)
rPois  +         Gourm    +     p - +0 hat {SInv}
rElec  +         Spirit   .     l - +0 cloak {+Inv}
rCorr  +         Warding  .     (gloves unavailable)
rMut   .         Stasis   .     (boots unavailable)
MR     ++...                    y - amulet of Besohihy {rCorr rPois rC+ Str+2}
Stlth  +.........               w - +5 ring of strength
                                P - ring of Scepticism {rElec rN+ Str+4 Dex+3 Stlth-}

@: about to teleport, very resistant to hostile enchantments, very unstealthy
A: unfitting armour, claws 3, fast metabolism 3, gourmand, regeneration 2,
shaggy fur 1, tough skin 2, eyeballs 1, gelatinous body 1, pseudopods 1,
evolution 1
a: Request Jelly, Jelly Paralyse, Slimify, Cure Bad Mutation, Renounce Religion,
Evoke Invisibility
}: 1/15 runes: slimy


You were on level 15 of the Dungeon.
You worshipped Jiyva.
Jiyva was exalted by your worship.
You were completely stuffed.

You visited 5 branches of the dungeon, and saw 33 of its levels.
You also visited: Labyrinth.

You collected 2539 gold pieces.

Inventory:

Missiles
 j - 2 throwing nets
 Z - 20 large rocks (quivered)
Armour
 a - a +0 large shield
 l - a +0 cloak of invisibility (worn)
 p - a +0 hat of see invisible (worn)
 J - a +2 robe of magic resistance (worn)
Rods
 H - a +8 rod of shadows (13/13)
   (You found it in a labyrinth)
Jewellery
 q - an uncursed ring of protection from magic
 w - a +5 ring of strength (right claw)
 y - the amulet of Besohihy (around neck) {rCorr rPois rC+ Str+2}
   (You found it on level 6 of the Pits of Slime)

   [amulet of resist corrosion]

   It protects you from acid and corrosion.
   It affects your strength (+2).
   It protects you from cold.
   It protects you from poison.
 G - an uncursed amulet of resist mutation
 M - a cursed -4 ring of intelligence {unknown}
 P - the ring of Scepticism (left claw) {rElec rN+ Str+4 Dex+3 Stlth-}
   (You found it on level 6 of the Pits of Slime)

   [ring of dexterity]

   It affects your strength (+4).
   It affects your dexterity (+3).
   It insulates you from electricity.
   It protects you from negative energy.
   It makes you less stealthy.
 Y - an uncursed amulet of guardian spirit
Magical devices
 x - a wand of digging (24)
Scrolls
 f - 8 scrolls of teleportation
 i - 3 scrolls of immolation
 m - 5 scrolls of remove curse
 r - a scroll of fog
 t - 4 scrolls of magic mapping
 A - a scroll of recharging
 C - a scroll of blinking
 F - 2 scrolls of amnesia
 O - 6 scrolls of noise
 R - 2 scrolls of enchant armour
 S - a scroll of silence
Potions
 b - 2 potions of beneficial mutation {unknown}
 d - 2 potions of magic {unknown}
 e - 4 potions of lignification
 g - 2 potions of cure mutation
 h - 4 potions of heal wounds
 k - a potion of resistance
 n - 5 potions of curing
 s - a potion of flight
 u - 3 potions of ambrosia {unknown}
 v - a potion of invisibility {unknown}
 z - 4 potions of haste {unknown}
 E - 2 potions of agility
 L - a potion of poison {unknown}
 Q - 3 potions of might {unknown}
 T - 2 potions of cancellation {unknown}
 U - a potion of mutation {unknown}
 V - a potion of berserk rage {unknown}
Comestibles
 c - 9 meat rations
 o - 9 bread rations
 D - 8 beef jerkies
 I - 6 slices of pizza
 K - 11 fruits
 W - a royal jelly


   Skills:
 - Level 10.0 Fighting
 - Level 12.0 Throwing
 * Level 9.7 Armour
 - Level 9.3 Dodging
 - Level 1.1 Stealth
 + Level 15.5 Unarmed Combat


You had 14 spell levels left.
You didn't know any spells.

Dungeon Overview and Level Annotations

Branches:
Dungeon (15/15)            Temple (1/1) D:7            Lair (8/8) D:11
 Shoals (0/4) Lair:5       Spider (0/4) Lair:3        Slime (6/6) Lair:8
    Orc (3/4) D:9             Elf (0/3) Orc:3        Vaults (0/5) D:14
 Depths: D:15

Altars:
Ashenzari
Cheibriados
Dithmenos
Elyvilon
Fedhas
Gozag
Kikubaaqudgha
Makhleb
Nemelex Xobeh
Okawaru
Qazlal
Ru
Sif Muna
Trog
Vehumet
Xom
Yredelemnul
Zin
The Shining One
Beogh
Jiyva

Shops:
D:9 (   D:11 (

Annotations:
D:13 exclusions: 4 orange demons and rust devil
Slime:6 Royal Jelly


Innate Abilities, Weirdness & Mutations

You are too large for most types of armour.
You have claws for hands.
Your metabolism is lightning-fast.
You like to eat raw meat.
You heal very quickly.
You are covered in fur (AC +1).
You have very tough skin (AC +2).
Your body is partially covered in golden eyeballs (Acc +3).
Your rubbery body absorbs attacks (AC +1).
Armour fits poorly on your pseudopods.
You evolve.


Message History

A two-headed ogre and an ogre mage come into view.
Found a sedimented blue potion.
Read which item? (? for menu, Esc to quit)
As you read the scroll of teleportation, it crumbles to dust.
You feel strangely unstable.
The ogre mage shouts!
The two-headed ogre shouts in stereo!
The two-headed ogre misses you. x2
The ogre mage gestures at the two-headed ogre while chanting.
The two-headed ogre seems to speed up.
The salamander barely misses you.
An ogre comes into view. It is wielding a giant club.
The ogre shouts!
The ogre mage points at you and mumbles some strange words.
The fireball explodes!
The fireball engulfs you!
* * * LOW HITPOINT WARNING * * *
A basilisk comes into view.
The basilisk hisses angrily.
You hear a loud, deep croak!
The two-headed ogre completely misses you.
The eyeballs on your body gaze at the two-headed ogre.
The two-headed ogre hits you with a giant club!
You die...

##...#......#...H...#
.....#......#.###...#
.....#......#.# #...#
.....#......#H###...#
.....#......#.......#
.....#......#..N....#
.....#......#..O....#
####.#......#.(.....#
# .#......#..O@...#
.# #....##.# #O...#
.# #.O..# .# #.!...
#...... #..l...
#.F....


You could see a griffon, a salamander, an ogre mage, a basilisk, 2 two-headed
ogres, an ogre and a giant frog.

Vanquished Creatures
  Rupert (Lair:3)
  Gastronok (Lair:1)
  Kirke (Lair:5)
  Maud (Lair:3)
  Nessos (Lair:5)
  A dire elephant (D:14)
  Snorg (D:15)
  Josephine (Orc:2)
  The ghost of Rayvis the Fighter, a powerful MiFi of Okawaru (D:9)
  A minotaur (Lab)
  Harold (Lair:3)
  11 hydras
  Erolcha (D:8)
  Erica (D:8)
  2 dancing weapons (D:14)
  4 death yaks
  A tengu warrior (D:15)
  Sonja (Lair:1)
  Nergalle (Orc:2)
  The ghost of Rayvis the Cleaver, an experienced MiFi of Okawaru (D:8)
  A wizard (D:14)
  Pikel (D:5)
  4 hill giants
  An orb spider (Lair:3)
  2 griffons
  A hornet (shapeshifter) (D:13)
  4 black mambas
  5 cyclopes
  2 manticores
  6 ugly things
  27 elephants
  Maurice (Orc:2)
  8 spiny frogs
  A torpor snail (Lair:7)
  A kobold demonologist (D:15)
  2 fire drakes
  4 gargoyles
  5 komodo dragons
  A freezing wraith (D:14)
  The ghost of Ajdolov the Grappler, an average TrMo (D:4)
  2 trolls
  A tengu conjurer (D:13)
  3 two-headed ogres
  5 polar bears (Lair:7)
  8 blink frogs
  A slime creature (D:7)
  A boulder beetle (Lair:7)
  A spriggan (D:7)
  5 wraiths
  A trapdoor spider (Lab)
  A wyvern (Lair:8)
  5 deep elf magi
  A hog (Lair:5)
  34 yaks
  12 hippogriffs
  Eustachio (D:6)
  9 hungry ghosts
  A basilisk (Lair:5)
  2 vampire mosquitoes (D:15)
  21 wolves
  A basilisk (shapeshifter) (D:13)
  Menkaure (D:4)
  11 water moccasins
  11 porcupines
  A soldier ant (D:12)
  A warg (Orc:1)
  Duvessa (D:6)
  18 orc warriors
  12 ice beasts
  2 black bears
  2 wasps
  6 sky beasts
  2 phantoms
  2 slaves (D:5)
  10 ogres
  10 centaurs
  11 crocodiles
  16 giant frogs
  3 big kobolds
  A wyvern zombie (D:12)
  Dowan (D:6)
  2 scorpions
  13 wights
  7 killer bees (D:14)
  An electric eel (Lair:6)
  A lava snake (D:7)
  2 quasits
  7 crimson imps
  4 centaur zombies
  5 hounds
  A jelly (D:7)
  10 iguanas
  19 orc priests
  4 centaur skeletons
  A giant frog skeleton (D:7)
  A gnoll shaman (D:7)
  Jessica (D:3)
  27 orc wizards
  17 hell rats
  6 worker ants
  8 sheep
  A hound zombie (D:8)
  A hound skeleton (D:7)
  5 gnolls (D:7)
  A worker ant zombie (D:8)
  14 adders
  4 shadow imps
  44 river rats
  An adder skeleton (D:5)
  An adder zombie (D:10)
  2 worms
  A giant gecko (D:9)
  123 orcs
  4 ball pythons
  6 bats
  9 hobgoblins
  12 jackals
  6 quokkas
  6 giant cockroaches
  A giant cockroach zombie (D:5)
  2 giant newts
  8 goblins
  A jackal skeleton (D:5)
  36 kobolds
  A quokka skeleton (D:7)
  34 rats
  A spectral orc (D:9)
  2 fungi
814 creatures vanquished.

Vanquished Creatures (others)
  An acid blob (Slime:1)
  An azure jelly (Slime:6)
  A death ooze (Slime:6)
  An orb spider (shapeshifter) (D:14)
  A griffon (D:14)
  13 slime creatures
  A blink frog (Lair:3)
  A golden eye (Slime:6)
  A porcupine (Lair:6)
  A big kobold (D:7)
  An ogre (D:14)
  A giant frog (D:7)
  A scorpion (D:7)
  55 jellies
  A worker ant (D:7)
  An iguana (D:14)
  A sheep (D:12)
  An adder (D:12)
  A river rat (Lair:7)
  2 white imps (Lair:8)
  4 orcs
  A giant cockroach (D:7)
  21 fungi
  8 plants
121 creatures vanquished.

Grand Total: 935 creatures vanquished

Notes
Turn   | Place    | Note
--------------------------------------------------------------
     0 | D:1      | Ajdolov the Troll Monk began the quest for the Orb.
     0 | D:1      | Reached XP level 1. HP: 22/22 MP: 0/0
   119 | D:1      | Reached XP level 2. HP: 23/29 MP: 1/1
   700 | D:2      | Reached skill level 5 in Unarmed Combat
   700 | D:2      | Reached XP level 3. HP: 23/36 MP: 2/2
   857 | D:2      | Reached XP level 4. HP: 44/44 MP: 3/3
  1347 | D:3      | Reached skill level 6 in Unarmed Combat
  1430 | D:2      | Found a radiant altar of Vehumet.
  1648 | D:3      | Found a blossoming altar of Fedhas.
  1650 | D:3      | Found an ancient bone altar of Kikubaaqudgha.
  1668 | D:3      | Noticed Jessica
  1676 | D:3      | Killed Jessica
  1676 | D:3      | Reached XP level 5. HP: 27/50 MP: 4/4
  2293 | D:4      | Reached skill level 7 in Unarmed Combat
  2360 | D:4      | Reached XP level 6. HP: 57/59 MP: 5/5
  2391 | D:4      | Noticed Menkaure
  2405 | D:4      | Killed Menkaure
  2462 | D:4      | Reached skill level 8 in Unarmed Combat
  2545 | D:4      | Noticed Ajdolov's ghost (average TrMo)
  3009 | D:4      | Found a deep blue altar of Sif Muna.
  3159 | D:4      | Killed Ajdolov's ghost
  3159 | D:4      | Reached skill level 9 in Unarmed Combat
  3159 | D:4      | Reached XP level 7. HP: 23/66 MP: 4/6
  3334 | D:4      | Found a deep blue altar of Sif Muna.
  3385 | D:5      | Entered Level 5 of the Dungeon
  3395 | D:5      | Found a bloodstained altar of Trog.
  3465 | D:5      | Reached skill level 10 in Unarmed Combat
  3531 | D:5      | Reached XP level 8. HP: 47/74 MP: 3/7
  3668 | D:5      | Noticed Pikel
  3693 | D:5      | Killed Pikel
  3693 | D:5      | Reached skill level 11 in Unarmed Combat
  3978 | D:6      | Reached skill level 12 in Unarmed Combat
  3984 | D:6      | Reached XP level 9. HP: 77/80 MP: 8/8
  4076 | D:6      | Found a glowing silver altar of Zin.
  4077 | D:6      | Found an opulent altar of Gozag.
  4295 | D:6      | Noticed Eustachio
  4316 | D:6      | Killed Eustachio
  4316 | D:6      | Reached skill level 13 in Unarmed Combat
  4587 | D:6      | Noticed Duvessa
  4589 | D:6      | Noticed Dowan
  4596 | D:6      | Killed Duvessa
  4603 | D:6      | Killed Dowan
  4604 | D:6      | Found a sparkling altar of Nemelex Xobeh.
  4855 | D:7      | Found a staircase to the Ecumenical Temple.
  4875 | Temple   | Entered the Ecumenical Temple
  5111 | D:7      | Found a shimmering altar of Xom.
  5210 | D:7      | Found an iron altar of Okawaru.
  5338 | D:7      | Reached XP level 10. HP: 91/94 MP: 9/9
  5677 | D:8      | Noticed Erolcha
  5678 | D:8      | Noticed Rayvis's ghost (experienced MiFi)
  5701 | D:8      | Killed Erolcha
  5701 | D:8      | Reached skill level 5 in Fighting
  5701 | D:8      | Reached skill level 5 in Dodging
  5783 | D:8      | Noticed Erica
  5786 | D:8      | Killed Erica
  6087 | D:8      | Killed Rayvis's ghost
  6631 | D:9      | Found a sacrificial altar of Ru.
  6710 | D:9      | Found Tool's Antique Weapon Shop.
  6853 | D:9      | Reached XP level 11. HP: 86/109 MP: 8/10
  6908 | D:9      | Found a staircase to the Orcish Mines.
  6976 | D:9      | Found a roughly hewn altar of Beogh.
  7085 | D:9      | Found a basalt altar of Yredelemnul.
  7169 | D:9      | Noticed Rayvis's ghost (powerful MiFi)
  7195 | D:9      | Killed Rayvis's ghost
  7787 | Orc:1    | Entered Level 1 of the Orcish Mines
  7950 | Orc:1    | Found a roughly hewn altar of Beogh.
  8004 | Orc:1    | You fall through a shaft!
  8431 | Orc:2    | Noticed Nergalle
  8457 | Orc:2    | Killed Nergalle
  8852 | Orc:2    | Noticed Maurice
  8861 | Orc:2    | Killed Maurice
  9185 | Orc:2    | Noticed Josephine
  9227 | Orc:2    | Killed Josephine
  9706 | Orc:3    | Found a roughly hewn altar of Beogh.
  9824 | Orc:3    | Found a staircase to the Elven Halls.
 10233 | Orc:3    | Reached XP level 12. HP: 114/124 MP: 11/11
 10451 | D:10     | Entered Level 10 of the Dungeon
 10462 | D:10     | Reached skill level 1 in Throwing
 10817 | D:9      | Reached skill level 1 in Armour
 11356 | D:11     | Noticed a six-headed hydra
 11359 | D:11     | Found Guff's Antique Weapon Boutique.
 11596 | D:11     | Killed a six-headed hydra
 11681 | D:11     | Reached skill level 5 in Throwing
 11697 | D:11     | Found a staircase to the Lair.
 11717 | Lair:1   | Entered Level 1 of the Lair of Beasts
 11722 | Lair:1   | Found a labyrinth entrance.
 11740 | Lab      | Entered a labyrinth
 12083 | Lab      | Noticed a minotaur
 12091 | Lab      | Killed a minotaur
 12139 | Lair:1   | Identified a +5 rod of ignition (11/11) (You found it in a labyrinth)
 12140 | Lair:1   | Identified a cursed +8 rod of shadows (13/13) (You found it in a labyrinth)
 12142 | Lair:1   | Identified a +4 rod of ignition (14/14) (You took it off a minotaur in a labyrinth)
 12242 | Lair:1   | Noticed Sonja
 12256 | Lair:1   | Killed Sonja
 12301 | Lair:1   | Noticed a six-headed hydra
 12435 | Lair:1   | Noticed Gastronok
 12471 | Lair:1   | Killed Gastronok
 12471 | Lair:1   | Reached XP level 13. HP: 61/131 MP: 6/12
 12957 | Lair:3   | Found a hole to the Spider Nest.
 12989 | Lair:3   | Noticed Rupert
 12992 | Lair:3   | Paralysed by Rupert for 3 turns
 12997 | Lair:3   | Paralysed by Rupert for 6 turns
 13016 | Lair:3   | Killed Rupert
 13016 | Lair:3   | Reached skill level 5 in Armour
 13240 | Lair:3   | Noticed Harold
 13252 | Lair:3   | Killed Harold
 13498 | Lair:5   | Noticed Nessos
 13796 | Lair:5   | Killed Nessos
 13832 | Lair:5   | Found a staircase to the Shoals.
 14148 | Lair:5   | Noticed Kirke
 14189 | Lair:5   | Killed Kirke
 15618 | Lair:6   | Reached skill level 10 in Throwing
 16020 | Lair:7   | Reached skill level 14 in Unarmed Combat
 16031 | Lair:8   | Entered Level 8 of the Lair of Beasts
 16148 | Lair:7   | Reached XP level 14. HP: 89/140 MP: 7/13
 16329 | Lair:8   | Found a viscous altar of Jiyva.
 16329 | Lair:8   | Found a staircase to the Slime Pits.
 16359 | Lair:8   | Became a worshipper of Jiyva Jekag the Shapeless
 16359 | Lair:8   | Acquired Jiyva's first power
 16359 | Lair:8   | Acquired Jiyva's second power
 17138 | Lair:7   | Gained mutation: Scrolls take you a little longer to read. [Jiyva's grace]
 17879 | Lair:7   | Lost mutation: Scrolls take you a little longer to read. [Jiyva's grace]
 18179 | Lair:6   | Acquired Jiyva's third power
 18199 | Lair:6   | Reached skill level 10 in Fighting
 18859 | Lair:6   | Gained mutation: You have acidic saliva. [Jiyva's grace]
 19449 | Lair:3   | Gained mutation: You are covered in thick fur (AC +2). [Jiyva's grace]
 19449 | Lair:3   | Acquired Jiyva's fourth power
 19569 | Lair:3   | Noticed Maud
 19582 | Lair:3   | Killed Maud
 20600 | Lair:1   | Gained mutation: Your muscles are strong. (Str +2) [Jiyva's grace]
 20618 | Lair:1   | Reached skill level 15 in Unarmed Combat
 20755 | Lair:1   | Killed a six-headed hydra
 20771 | Lair:1   | Lost mutation: You are covered in thick fur (AC +2). [Jiyva's grace]
 21514 | D:12     | Lost mutation: Your muscles are strong. (Str +2) [Jiyva's grace]
 22370 | Lair:5   | Lost mutation: You have acidic saliva. [Jiyva's grace]
 22519 | Slime:1  | Entered Level 1 of the Pits of Slime
 22533 | Slime:1  | Noticed an acid blob
 22559 | Slime:4  | Noticed an acid blob
 22579 | Slime:6  | Entered Level 6 of the Pits of Slime
 22584 | Slime:6  | Noticed an acid blob
 22593 | Slime:6  | Gained mutation: Your body is partially covered in golden eyeballs (Acc +3). [Jiyva's grace]
 22594 | Slime:6  | Found a viscous altar of Jiyva.
 22594 | Slime:6  | Noticed an acid blob
 22594 | Slime:6  | Noticed an acid blob
 22596 | Slime:6  | Noticed an acid blob
 22596 | Slime:6  | Noticed the royal jelly
 22596 | Slime:6  | Noticed an acid blob
 22600 | Slime:6  | Noticed an acid blob
 22606 | Slime:6  | Got a slimy rune of Zot
 22608 | Slime:6  | Noticed an acid blob
 22609 | Slime:6  | Got a vibrating ivory amulet
 22611 | Slime:6  | Noticed an acid blob
 22613 | Slime:6  | Gained mutation: Your spells are a little harder to cast, but a little more powerful. [Jiyva's grace]
 22616 | Slime:6  | Noticed an acid blob
 22621 | Slime:6  | Got an ancient ruby amulet
 22630 | Slime:6  | Lost mutation: Your spells are a little harder to cast, but a little more powerful. [Jiyva's grace]
 22651 | Slime:6  | Gained mutation: Armour fits poorly on your pseudopods. [Jiyva's grace]
 22661 | Slime:6  | Got a faintly glowing platinum ring
 22706 | Slime:6  | Identified the ring of Scepticism {rElec rN+ Str+4 Dex+3 Stlth-} (You found it on level 6 of the Pits of Slime)
 22711 | Slime:6  | Identified the amulet of Besohihy {rCorr rPois rC+ Str+2} (You found it on level 6 of the Pits of Slime)
 22713 | Slime:6  | Identified the amulet "Capusa" {rCorr rC+} (You found it on level 6 of the Pits of Slime)
 22744 | Slime:6  | Killed an azure jelly
 22834 | Slime:3  | Noticed an acid blob
 22854 | Slime:1  | Killed an acid blob
 23171 | D:13     | Reached XP level 15. HP: 149/149 MP: 14/14
 23211 | D:13     | Found a burning altar of Makhleb.
 24059 | D:14     | Found a shadowy altar of Dithmenos.
 24113 | D:14     | Gained mutation: Your rubbery body absorbs attacks (AC +1). [Jiyva's grace]
 24157 | D:14     | Found a gate to the Vaults.
 24813 | D:15     | Entered Level 15 of the Dungeon
 24840 | D:15     | Noticed Snorg
 24854 | D:15     | Killed Snorg
 25287 | D:15     | Found a blossoming altar of Fedhas.
 25382 | D:15     | Gained mutation: You evolve. [Jiyva's grace]
 25582 | D:15     | Slain by a two-headed ogre

Vault maps used:
D:1:      minmay_arrival_doors
D:2:      nicolae_overflow_hidden_temple
D:3:      wad_pebble_path, grunt_temple_overflow_growth_and_decay, uniq_jessica
D:4:      kennysheep_mini, first_bread, grunt_ministairs_8,
          lemuel_blue_sif_altar, uniq_menkaure
D:5:      trog_three_pillars_becter, uniq_pikel
D:6:      grunt_temple_overflow_gold_and_silver, nemelex_deck, uniq_duvessa,
          uniq_eustachio
D:7:      lemuel_doored_altar, xom_confusion_cloud,
          minmay_temple_entry_large_hall, the_bakery, kennysheep_generic_room_9
D:8:      uniq_erolcha, uniq_erica
D:9:      nicolae_overflow_crystal_walls, yredelemnul_forgotten_temple_becter,
          minmay_orc_entry_temple_large, serial_shops, shop,
          minmay_unpleasant_kobolds
D:11:     lair_0_dummy, serial_shops, shop
D:12:     nicolae_zen_rock_garden
D:13:     lemuel_hellish_altar
D:14:     erik_vaults_1, grunt_dithmenos_smoke, kennysheep_doodads, uniq_snorg
D:15:     hangedman_depths_entry_try_elsewhere_first, fedhas_altar_2,
          grunt_ministairs_9, unseen_surprise_small
Temple:   zaba_magenta_temple_8
Lair:1:   lab_entry_generic, grunt_megastairs_3, uniq_gastronok, uniq_sonja
Lair:3:   nicolae_spider_entry_orb_guardian, grunt_megastairs_4,
          serial_bayou_shore_b, bh_autumn_forest_stairs, uniq_maud, uniq_harold,
          uniq_rupert
Lair:5:   kennysheep_abandoned_house, minmay_shoals_entry_beasts, minivault_26,
          serial_bayou_shore_b, uniq_kirke, uniq_nessos
Lair:6:   mu_elephants_graveyard, lookout_lair_type
Lair:7:   lemuel_ratsnest, beast_lair_carwin_1, infiniplex_staircase_pool
Lair:8:   due_jungle_book, slime_altar_1, basic_altar,
          portal_ice_cave_entry_imps
Slime:1:  basic_altar
Slime:3:  nicolae_slime_barrier
Slime:5:  cheibrodos_slime_lost_civilization_7
Orc:1:    mines1_david
Orc:2:    nicolae_orc_accident_3, uniq_josephine, uniq_nergalle, uniq_maurice
Orc:3:    basic_altar, nicolae_orc_pool_cavern
Lab:      labyrinth_watery, nicolae_lab_starburst, nicolae_lab_grate

Action                   |  1- 3 |  4- 6 |  7- 9 | 10-12 | 13-15 || total
-------------------------+-------+-------+-------+-------+-------++-------
Melee: Unarmed           |    86 |   169 |   248 |   822 |  1138 ||  2463
Throw: Large rock        |       |       |       |    13 |    61 ||    74
       Throwing net      |       |       |       |     2 |       ||     2
Invok: Jelly Paralyse    |       |       |       |       |     7 ||     7
       Request Jelly     |       |       |       |       |     1 ||     1
       Slimify           |       |       |       |       |     1 ||     1
Evoke: Wand              |       |     1 |     5 |     6 |     5 ||    17
       Rod               |       |       |       |     2 |       ||     2
  Use: Scroll            |       |     6 |     5 |     3 |    25 ||    39
       Potion            |       |       |       |       |     2 ||     2
 Stab: Sleeping          |       |     3 |     1 |     1 |     3 ||     8
       Distracted        |       |       |       |     1 |     2 ||     3
       Confused          |       |       |       |       |     1 ||     1
  Eat: Chunk             |    13 |    18 |    23 |    69 |    93 ||   216
       Meat ration       |       |       |       |     3 |     1 ||     4
       Bread ration      |       |       |       |     1 |       ||     1
